 Dungeon Crawl Stone Soup version 0.29-a0-359-g541a27f54d (webtiles) character file.

Game seed: 6106416516029708060

91 HendSelp the Poker (level 4, -3/34 HPs)
             Began as a Merfolk Gladiator on Apr 27, 2022.
             Slain by a gnoll
             ... wielding a +0 spear
              (6 damage)
             ... on level 2 of the Dungeon.
             The game lasted 00:02:16 (1832 turns).

HendSelp the Poker (Merfolk Gladiator)              Turns: 1832, Time: 00:02:17

Health: -3/34      AC:  4    Str: 14    XL:     4   Next: 57%
Magic:  4/4        EV: 14    Int:  7    God:
Gold:   81         SH:  0    Dex: 17    Spells: 3/3 levels left

rFire   . . .      SeeInvis .   a - +0 trident
rCold   . . .      Faith    .   (no shield)
rNeg    . . .      Spirit   .   b - +0 leather armour
rPois   .          Reflect  .   c - +0 helmet
rElec   .          Harm     .   (no cloak)
rCorr   .          Rampage  .   (no gloves)
Will    .....                   (no boots)
Stlth   +.........              (no amulet)
HPRegen 0.11/turn               (no ring)
MPRegen 0.09/turn               (no ring)

@: no status effects
A: (nimble swimmer 2), mertail
a: no special abilities


You were on level 2 of the Dungeon.
You visited 1 branch of the dungeon, and saw 2 of its levels.

You collected 81 gold pieces.

Inventory:

Hand Weapons
 a - a +0 trident (weapon)
Missiles
 d - a throwing net (quivered)
 e - a javelin
Armour
 b - a +0 leather armour (worn)
 c - a +0 helmet (worn)
Scrolls
 g - a scroll of noise {unknown}
 i - a scroll of teleportation
 k - 2 scrolls of silence
 n - a scroll of identify
Potions
 f - a potion of heal wounds {unknown}
 h - a potion of magic {unknown}
 j - a potion of cancellation {unknown}
 l - a potion of curing {unknown}
 m - a potion of lignification {unknown}


   Skills:
 + Level 2.9 Fighting
 + Level 5.7 Polearms
 - Level 2.0 Throwing
 + Level 5.0 Dodging


You had 3 spell levels left.
You didn't know any spells.
Your spell library contained the following spells:

 Spells                   Type           Power      Damage    Failure   Level
 Magic Dart               Conj           0%         1d3       52%         1
 Call Imp                 Summ           0%         N/A       65%         2
 Mephitic Cloud           Conj/Pois/Air  0%         N/A       87%         3


Dungeon Overview and Level Annotations

Branches:
Dungeon (2/15)

Altars:

Shops:
D:1 ?


Innate Abilities, Weirdness & Mutations

((You are very nimble when in or above water. (Stealth+, EV+, Speed+++)))
Your lower body shifts to a powerful aquatic tail in water.


Message History

You throw a throwing net.
The throwing net barely misses the gnoll.
The gnoll hits you with a +0 spear.
* * * LOW HITPOINT WARNING * * *
Throw: 2 throwing nets
Press: ? - help, Q - select action, (/) - cycle Shift-Dir - straight line, f/p - gnoll
Aim: a gnoll, wielding a +0 spear (65% to hit)
You throw a throwing net. The throwing net hits the gnoll.
The gnoll is caught in the net!
The gnoll struggles against the net.
You catch the helpless gnoll completely off-guard!
You hit the gnoll.
The gnoll is moderately wounded.
The gnoll struggles against the net.
You hit the gnoll.
The gnoll is moderately wounded.
The gnoll struggles against the net.
You catch the helpless gnoll completely off-guard!
You hit the gnoll but do no damage.
The gnoll is moderately wounded.
The gnoll struggles against the net.
You hit the gnoll.
The gnoll is heavily wounded.
The gnoll struggles against the net.
You catch the helpless gnoll completely off-guard!
You hit the gnoll but do no damage.
The gnoll is heavily wounded.
The gnoll struggles against the net.
The net rips apart, and the gnoll comes free!
You hit the gnoll but do no damage.
The gnoll is heavily wounded.
The gnoll hits you with a +0 spear.
* * * LOW HITPOINT WARNING * * *
You closely miss the gnoll.
The gnoll is heavily wounded.
The gnoll misses you.
You hit the gnoll.
The gnoll is heavily wounded.
The gnoll hits you with a +0 spear.
You die...

#.# #. #.#
#.######.# #
#.........
####.##..#...#.# #..
.........#.# # #.#
##........#
#.###.##.###.....###
#(g@.....# ##...##
#####.#### #.....#
#.# #.....# #.#
#.....# #.# ##...##
##.### ##.....##
##....###.......##
##...#)##...†.†...#
#.......'.........+


You could see a gnoll.

Vanquished Creatures
  2 gnolls (D:2)
  2 adders (D:2)
  3 dart slugs
  5 endoplasms
  A giant cockroach (D:1)
  4 goblins
  8 hobgoblins
  A kobold (D:1)
  2 quokkas
  7 ball pythons
  3 bats
  4 frilled lizards (D:1)
  5 rats
47 creatures vanquished.

Notes
Turn   | Place    | Note
-------+----------+-------------------------------------------
     0 | D:1      | HendSelp the Merfolk Gladiator began the quest for the Orb.
     0 | D:1      | Reached XP level 1. HP: 16/16 MP: 1/1
    33 | D:1      | Found Arotu's Magic Scroll Shoppe.
   199 | D:1      | Reached XP level 2. HP: 21/22 MP: 2/2
   558 | D:1      | Found a faded altar of an unknown god.
   575 | D:1      | Reached XP level 3. HP: 26/28 MP: 3/3
  1124 | D:2      | Reached skill level 5 in Polearms
  1479 | D:2      | Reached XP level 4. HP: 33/34 MP: 4/4
  1822 | D:2      | Reached skill level 5 in Dodging
  1832 | D:2      | Slain by a gnoll

Illustrated notes

Levels and vault maps discovered:
D:1:      minmay_arrival_shoal_huts, layout_loops_ring, serial_shops, shop,
          shapermc_ecumenical_altar_starsandcircs, minmay_misc_feat_enclosed,
          kennysheep_nondescript, minmay_ruptured
D:2:      layout_loops_corners

Skill      XL: |  1  2  3  4 |
---------------+-------------+-----
Polearms       | 5 |  5.7
Dodging        | 5 |  5.0
Fighting       | |  2.9
Throwing       | |  2.0

Action                   |  1- 3 |  4- 6 || total
-------------------------+-------+-------++-------
Melee: Trident           |   120 |    37 ||   157
       Punch             |     1 |       ||     1
Throw: Throwing net      |       |     2 ||     2
  Use: Scroll            |     3 |       ||     3
 Stab: Sleeping          |     3 |       ||     3
       Held in net/web   |       |     3 ||     3
Armor: Leather armour    |    18 |     4 ||    22
Dodge: Dodged            |    68 |    20 ||    88

Table legend: (Time is in decaauts)
 A = Elapsed time spent in this place.
 B = Non-inter-level travel time spent in this place.
 C = Inter-level travel time spent in this place.
 D = Time resting spent in this place.
 E = Time spent auto-exploring this place.
 F = Levels seen in this place.
 G = Mean time per level.
                   A        B        C        D        E       F      G
               +--------+--------+--------+--------+--------+-----+--------+
         Total |   1804 |   1773 |     31 |     21 |   1439 |   2 |  902.0 |
       Dungeon |   1804 |   1773 |     31 |     21 |   1439 |   2 |  902.0 |
               +--------+--------+--------+--------+--------+-----+--------+

Top non-repeatable levels by time:
     D:1: 987 daAuts
     D:2: 817 daAuts
